 Dungeon Crawl Stone Soup version bcrawl-1.28 (webtiles) character file.

Game seed: 1842269719831762851

120453 MisterOstroum the Stinger (level 3, 0/26 HPs)
             Began as an Oni Summoner on Nov 21, 2020.
             Slain by a goblin
             ... wielding a +1 dagger of electrocution
              (18 damage)
             ... on level 2 of the Dungeon.
             The game lasted 00:02:15 (1211 turns).

MisterOstroum the Stinger (Oni Summoner)            Turns: 1211, Time: 00:02:16

Health: 0/26       AC:  3    Str: 11    XL:     3   Next: 60%
Magic:  6/9        EV: 11    Int: 17    God:
Gold:   74         SH:  0    Dex: 11    Spells: 1/7 levels left

rFire    + . .     SeeInvis .   g - +0 dagger
rCold    . . .     Gourm    +   (no shield)
rNeg     . . .     Faith    .   j - +0 leather armour
rPois    .         Spirit   .   (helmet restricted)
rElec    .         Reflect  .   (no cloak)
rCorr    .         Harm     .   (no gloves)
MR       .....                  (no boots)
Stlth    +.........             p - amulet of the gourmand
HPRegen  0.08/turn              k - ring of protection from fire
MPRegen  0.11/turn              (no ring)

@: no status effects
A: oni magic, claws 1, fangs 1, horns 1
a: no special abilities


You were on level 2 of the Dungeon.
You were hungry.

You visited 1 branch of the dungeon, and saw 2 of its levels.

You collected 74 gold pieces.

Inventory:

Hand Weapons
 g - a +0 dagger (weapon)
Missiles
 b - 137 sling bullets
 i - 118 bolts
 n - 136 poisoned needles
Armour
 a - a +0 animal skin
 j - a +0 leather armour (worn)
Jewellery
 k - a ring of protection from fire (left claw)
 p - an amulet of the gourmand (around neck)
Scrolls
 c - a scroll of summoning
 f - a scroll of amnesia {unknown}
 h - 2 scrolls of remove curse {unknown}
 l - a scroll of enchant armour {unknown}
 m - a scroll of teleportation {unknown}
 o - a scroll of immolation {unknown}
Comestibles
 d - 12 chunks of flesh
 e - 5 rations {!d}


   Skills:
 - Level 1.7 Dodging
 - Level 1.7 Stealth
 * Level 2.7 Spellcasting
   Level 2.7 Conjurations
   Level 2.7 Hexes
   Level 2.7 Charms
   Level 2.7 Summonings
   Level 2.7 Necromancy
   Level 2.7 Translocations
   Level 2.7 Transmutations
   Level 2.7 Fire Magic
   Level 2.7 Ice Magic
   Level 2.7 Air Magic
   Level 2.7 Earth Magic
   Level 2.7 Poison Magic


You had one spell level left.
You knew the following spells:

 Your Spells              Type           Power        Failure   Level  Hunger
a - Summon Small Mammal   Summ           ##..         7%          1    None
b - Call Imp              Summ           ##....       10%         2    ##.....
c - Call Canine Familiar  Summ           ##......     21%         3    ####...

Your spell library contained the following spells:

 Spells                   Type           Power        Failure   Level  Hunger
 Summon Butterflies       Summ           ##......     7%          1    None
 Summon Ice Beast         Ice/Summ       ##......     61%         4    #####..
 Summon Lightning Spire   Summ/Air       ##......     91%         5    #######


Dungeon Overview and Level Annotations

Branches:
Dungeon (2/12)

Altars:


Innate Abilities, Weirdness & Mutations

You learn spells by gaining experience, not through books or religion.
You only train spellcasting to practice magic.
You have sharp fingernails.
You have very sharp teeth.
You have a pair of small horns on your head.


Message History

Unknown command.
You barely miss the orc. The orc barely misses you.
You hit the orc. Your bite misses the orc.
The orc is heavily wounded.
The orc hits you but does no damage. The orc hits you with a +0 hand axe.
The orc hits your crimson imp with a +0 hand axe.
Your crimson imp hits the orc.
The orc dies!
No target in view!
No target in view!
No target in view!
No target in view!
No target in view!
Things that are here:
a +0 hand axe; an orc corpse You butcher the orc corpse.
d - 9 chunks of flesh (gained 3)
Things that are here:
a +0 hand axe; an orc skeleton You open the door.
There is an open door here.
A bat and an ooze come into view.
The bat closely misses you.
The ooze quivers.
You barely miss the bat. You bite the bat.
The bat is moderately wounded.
The bat closely misses you.
Your crimson imp barely misses the bat.
You closely miss the bat. You headbutt the bat, but do no damage.
The bat is moderately wounded.
The bat barely misses you.
You hit the ooze but do no damage. The ooze hits you.
The bat hits you but does no damage.
You hit the bat.
You kill the bat!
The ooze hits you.
Your crimson imp hits the ooze.
Your crimson imp blinks!
You hit the ooze but do no damage. You headbutt the ooze.
The ooze is heavily wounded.
The ooze misses you.
You hit the ooze but do no damage.
You headbutt the ooze, but do no damage.
The ooze is heavily wounded.
The ooze hits you but does no damage.
You hit the ooze but do no damage.
The ooze is heavily wounded.
The ooze hits you.
Your crimson imp hits the ooze.
You hit the ooze.
The ooze is almost dead.
The ooze barely misses you.
Your crimson imp hits the ooze.
The ooze dies!
A kobold comes into view.
The kobold shouts!
Your crimson imp disappears in a puff of smoke!
A goblin comes into view. It is wielding a +0 club.
The goblin shouts!
Casting: Call Imp (safe; 11% risk of failure)
Confirm with . or Enter, or press ? or * to list all spells.
A beastly little devil appears in a puff of flame.
The kobold hits you but does no damage.
Unknown command.
The goblin barely misses you. The kobold hits you.
Your crimson imp barely misses the kobold.
Your crimson imp barely misses the kobold.
You hit the goblin.
You kill the goblin!
You hit the kobold but do no damage. You headbutt the kobold.
You kill the kobold!
You swap places.
Things that are here:
a +0 club; a kobold corpse; a goblin corpse
p - a square filigree amulet;
e - 5 rations {!d} (gained 1) Put on which piece of jewellery? (? for menu, Esc to quit)
You feel a craving for the dungeon's cuisine.
p - an amulet of the gourmand (around neck) Put on which piece of jewellery? (? for menu, Esc to quit)
k - a ring of protection from fire (left claw)
You see here a chain mail.
There isn't anything to butcher here.
There isn't anything to butcher here.
You swap places.
Things that are here:
a +0 club; a kobold corpse; a goblin corpse You butcher the goblin corpse.
d - 12 chunks of flesh (gained 3)
Things that are here:
a +0 club; a kobold corpse; a goblin skeleton You see here a whip.
Magic restored.
A goblin comes into view.
It is wielding a +1 dagger of electrocution.
The goblin shouts!
A quokka comes into view.
Your crimson imp disappears in a puff of smoke!
You see here a whip.
Casting: Call Imp (safe; 10% risk of failure)
Confirm with . or Enter, or press ? or * to list all spells.
The goblin hits you with a +1 dagger of electrocution.
You are electrocuted!!
Ouch! That really hurt!
You die...

# #.......[..# # #..........#
###..........###..
..................
###.......).###### #
#######...# . ###### #...# ...
#....####...#############..###
')...'........h.@g.r..........
#....####################.#.##
#....# #....# ######


You could see a quokka, a goblin and a friendly hound.

Vanquished Creatures
  A dart slug (D:1)
  2 leopard geckos (D:1)
  4 bats
  6 goblins
  A hobgoblin (D:1)
  4 kobolds
  A quokka (D:1)
  2 frilled lizards (D:1)
  4 rats (D:1)
25 creatures vanquished.

Vanquished Creatures (collateral kills)
  An ooze (D:2)
  A worm (D:2)
  A leopard gecko (D:2)
  An orc (D:2)
  2 goblins
  4 jackals (D:2)
  A rat (D:1)
11 creatures vanquished.

Grand Total: 36 creatures vanquished

Notes
Turn   | Place    | Note
-------+----------+-------------------------------------------
     0 | D:1      | MisterOstroum the Oni Summoner began the quest for the Orb.
     0 | D:1      | Reached XP level 1. HP: 14/14 MP: 4/4
   175 | D:1      | Reached XP level 2. HP: 14/20 MP: 4/6
   231 | D:1      | Learned a level 2 spell: Call Imp
   238 | D:1      | Reached skill level 2 in Spellcasting
   598 | D:1      | Reached XP level 3. HP: 25/26 MP: 5/8
   613 | D:1      | Learned a level 3 spell: Call Canine Familiar
  1211 | D:2      | Slain by a goblin

Skill      XL: |  1  2 |
---------------+-------+-----
Spellcasting   | 2 |  2.7
Dodging        | |  1.7
Stealth        | |  1.7
Conjurations   | |  2.7
Hexes          | |  2.7
Charms         | |  2.7
Summonings     | |  2.7
Necromancy     | |  2.7
Translocations | |  2.7
Transmutations | |  2.7
Fire Magic     | |  2.7
Ice Magic      | |  2.7
Air Magic      | |  2.7
Earth Magic    | |  2.7
Poison Magic   | |  2.7

Action                   || total
-------------------------++-------
Melee: Dagger            ||    79
       Unarmed           ||     7
       Headbutt          ||    16
       Bite              ||     2
 Cast: Summon Small Mamm ||     2
       Call Imp          ||     8
       Call Canine Famil ||     2
 Stab: Sleeping          ||     1
  Eat: Chunk             ||     3
Armor: Animal skin       ||    11
       Leather armour    ||    20
Dodge: Dodged            ||    59
